 Dungeon Crawl Stone Soup version 0.23.2-1-ga50397a6bc (webtiles) character file.

Game seed: 3732960607380682256

640 MisterOstroum the Skirmisher (level 7, -1/61 HPs)
             Began as a Ghoul Venom Mage on May 18, 2019.
             Slain by Alannah's ghost (4 damage)
             ... on level 4 of the Dungeon.
             The game lasted 00:19:28 (4575 turns).

MisterOstroum the Skirmisher (Ghoul Venom Mage)     Turns: 4575, Time: 00:19:28

Health: -1/61      AC:  3    Str: 16    XL:     7   Next: 51%
Magic:  9/9        EV: 12    Int: 11    God:
Gold:   204        SH:  0    Dex: 10    Spells: 7/10 levels left

rFire    + . .     SeeInvis .   j - +12 long sword of Gozag's Outrage {drain, rElec rF+ rC+ Str+4}
rCold    + + +     Gourm    .   (no shield)
rNeg     + + +     Faith    .   x - +0 robe {rC+}
rPois    ∞         Spirit   .   (no helmet)
rElec    +         Reflect  .   (no cloak)
rCorr    .         Harm     .   q - +0 pair of gloves
MR       .....                  (no boots)
Stlth    ++........             (no amulet)
HPRegen  0.00/turn              (no ring)
MPRegen  0.11/turn              (no ring)

@: rotting
A: rotting body, claws 1, carnivore, cold resistance 1, negative energy
resistance 3, inhibited regeneration, torment resistance, unbreathing
a: no special abilities


You were on level 4 of the Dungeon.
You were not hungry.

You visited 1 branch of the dungeon, and saw 4 of its levels.

You collected 204 gold pieces.

Inventory:

Hand Weapons
 j - the +12 long sword of Gozag's Outrage (weapon) {drain, rElec rF+ rC+ Str+4}
   (You found it on level 4 of the Dungeon)

   A truly terrible weapon, it drains the life of those it strikes.
   It affects your strength (+4).
   It protects you from fire.
   It protects you from cold.
   It insulates you from electricity.
 o - a +0 hunting sling
Missiles
 g - 79 stones (quivered)
 m - 17 poisoned needles
Armour
 p - a +2 large shield
 q - a +0 pair of gloves (worn)
 w - a cursed +0 ring mail
 x - a +0 robe of cold resistance (worn)
 y - a +0 plate armour
Jewellery
 r - a +2 ring of dexterity {unknown}
 t - an uncursed amulet of guardian spirit {unknown}
Scrolls
 b - a scroll of enchant armour {unknown}
 c - 4 scrolls of teleportation {unknown}
 d - a scroll of noise {unknown}
 f - 6 scrolls of identify {unknown}
 h - a scroll of enchant weapon {unknown}
 i - 3 scrolls of remove curse {unknown}
 v - a scroll of amnesia {unknown}
Potions
 k - a potion of haste {unknown}
 l - a potion of heal wounds {unknown}
 n - a potion of mutation {unknown}
 s - a potion of magic {unknown}
 u - a potion of brilliance {unknown}
 z - 2 potions of curing
Comestibles
 e - 3 rations


   Skills:
 * Level 5.5 Fighting
   Level 3.0(3.8) Short Blades
 * Level 3.4(4.0) Long Blades
 - Level 1.7 Dodging
 - Level 2.1 Stealth
 - Level 2.4 Spellcasting
 - Level 0.9 Conjurations
 - Level 3.0 Poison Magic


You had 7 spell levels left.
You knew the following spells:

 Your Spells              Type           Power        Failure   Level  Hunger
a - Sting                 Conj/Pois      #...         12%         1    ##.....
b - Poisonous Vapours     Pois/Air       #.....       22%         2    ###....

Your spell library contained the following spells:

 Spells                   Type           Power        Failure   Level  Hunger
 Mephitic Cloud           Conj/Pois/Air  #.......     43%         3    ####...
 Olgreb's Toxic Radiance  Pois           #.......     61%         4    #####..
 Venom Bolt               Conj/Pois      #.........   98%         5    ######.


Dungeon Overview and Level Annotations

Branches:
Dungeon (4/15)
 Temple: D:4-7

Altars:

Annotations:
D:4 1 transporter, Alannah's ghost, weakling DsGl


Innate Abilities, Weirdness & Mutations

Your body is rotting away.
You thrive on raw meat.
You are immune to poison.
You have sharp fingernails.
You are carnivorous and can eat meat at any time.
Your flesh is cold resistant. (rC+)
You are immune to negative energy. (rN+++)
You do not regenerate when monsters are visible.
You are immune to unholy pain and torment.
You can survive without breathing.


Message History

You closely miss Natasha.
Natasha is almost dead.
Natasha claws you.
Natasha stares at you and mumbles some strange words.
The magic dart hits you.
You slash Natasha!
You kill Natasha!
You feel Natasha's spirit has finally been put to rest.
z - 3 murky sapphire potions (gained 1)
You see here the felid corpse of Natasha.
All of the chunks of flesh in your inventory have rotted away.
You butcher the felid corpse of Natasha.
a - a chunk of flesh You see here the felid skeleton of Natasha. x2
g - 77 stones (gained 1)
g - 78 stones (gained 1)
You butcher the orc corpse.
a - 4 chunks of flesh (gained 3)
You butcher the orc corpse.
a - 7 chunks of flesh (gained 3)
Items here: )) [[ ÷÷÷ x2
You see here a flail.
g - 79 stones (gained 1)
Things that are here:
a +0 scimitar; a cursed +0 robe; the orc corpse of Blork the orc You butcher the orc corpse of Blork the orc.
a - 11 chunks of flesh (gained 4)
Things that are here:
a +0 scimitar; a cursed +0 robe; the orc skeleton of Blork the orc
Things that are here:
a +0 scimitar; a cursed +0 robe; the orc skeleton of Blork the orc
g - 80 stones (gained 1)
Things that are here:
a +0 scimitar; a cursed +0 robe; the orc skeleton of Blork the orc
Found a robe.
Things that are here:
a +0 scimitar; a cursed +0 robe; the orc skeleton of Blork the orc There isn't anything to butcher here.
You now have 194 gold pieces (gained 14).
You now have 204 gold pieces (gained 10).
Some of the chunks of flesh in your inventory have rotted away.
There is a stone staircase leading up here.
c - 4 scrolls labeled LICSAJ KIWYOMN (gained 1) All of the chunks of flesh in your inventory have rotted away.
You see here a hand axe.
i - 3 scrolls labeled CIWKIUMMISH (gained 1) Partly explored, unvisited transporter.
Partly explored, unvisited transporter.
Really walk into that dispersal trap?
You enter a dispersal trap!
You blink.
You see here a flail.
You see here the felid skeleton of Natasha.
The ogre shouts!
There is a transporter here.
You enter the transporter and appear at another place.
Throwing (i - inventory)
g - 80 stones (quivered)
Press: ? - help, Shift-Dir - straight line, f - ogre
Aim: an ogre, wielding a +7 great mace You throw a stone.
The stone hits the ogre.
The ogre is lightly wounded.
You hit the ogre.
The ogre is moderately wounded.
The ogre hits you with a +7 great mace!!
You are too injured to fight recklessly!
You slash the ogre!
The ogre is severely wounded.
The ogre hits you with a +7 great mace!
You slash the ogre!
You kill the ogre!
Alannah's ghost misses you.
You riposte.
You hit Alannah's ghost.
Alannah's ghost is lightly damaged.
You completely miss Alannah's ghost.
Alannah's ghost is lightly damaged.
Alannah's ghost closely misses you. Alannah's ghost hits you.
* * * LOW HITPOINT WARNING * * *
You hit Alannah's ghost.
Alannah's ghost is moderately damaged.
Alannah's ghost hits you!
* * * LOW HITPOINT WARNING * * *
You hit Alannah's ghost.
Alannah's ghost is heavily damaged.
Alannah's ghost hits you.
* * * LOW HITPOINT WARNING * * *
You barely miss Alannah's ghost.
Alannah's ghost is heavily damaged.
Alannah's ghost hits you.
* * * LOW HITPOINT WARNING * * *
Okay, then.
You eat one of the 4 rations.
That ration really hit the spot!
Alannah's ghost hits you.
* * * LOW HITPOINT WARNING * * *
You slash Alannah's ghost!
Alannah's ghost is almost destroyed.
Alannah's ghost barely misses you.
It was a potion of curing.
You feel better. Alannah's ghost hits you.
* * * LOW HITPOINT WARNING * * *
You hit Alannah's ghost.
Alannah's ghost is almost destroyed.
Alannah's ghost barely misses you. Alannah's ghost hits you.
You die...

.##..###...........#
#.........# .##..#
#.####..###.###.#######.#
)##.[###.# #..# #.....#
#.# .##......####..#
###.### #.#
..##.####.########...#
#.# ...÷.# #.#©.....#####
#.# ..##.# #.#..# ..# #.#
.###.# #.#.#..#.# #.# ##
#.####.#.#..#@# ###.#
#.....©#W.##)W# #...#
####......#[..(.©# #.###
.........©#..##..# #.#
###.......#.#..#.# #.#
..#.......#.#..#.# #[#
#.#.......#..##..# #.#
#.##...)#.#......# #.#
#.##...)..######### #.#


You could see Alannah's ghost.

Vanquished Creatures
  2 ogres (D:4)
  Blork the orc (D:4)
  A scorpion (D:4)
  2 hounds (D:4)
  An iguana (D:4)
  An orc wizard (D:4)
  Natasha (thrice) (D:4)
  2 worker ants (D:4)
  6 adders
  A worm (D:2)
  2 dart slugs
  A leopard gecko (D:3)
  12 orcs
  A bat (D:2)
  3 giant cockroaches
  5 goblins
  7 hobgoblins
  6 jackals (D:3)
  6 kobolds
  2 quokkas (D:2)
  A ball python (D:1)
  A frilled lizard (D:3)
  A rat (D:1)
68 creatures vanquished.

Notes
Turn   | Place    | Note
-------+----------+-------------------------------------------
     0 | D:1      | MisterOstroum the Ghoul Venom Mage began the quest for the
                  | Orb.
     0 | D:1      | Reached XP level 1. HP: 14/14 MP: 2/2
   406 | D:1      | Reached XP level 2. HP: 20/22 MP: 3/3
   845 | D:1      | Reached skill level 1 in Fighting
   908 | D:1      | Learned a level 2 spell: Poisonous Vapours
  1054 | D:2      | Reached skill level 1 in Short Blades
  1163 | D:2      | Reached XP level 3. HP: 28/28 MP: 1/4
  1483 | D:2      | Reached skill level 2 in Fighting
  1483 | D:2      | Reached XP level 4. HP: 36/36 MP: 3/6
  3423 | D:4      | Reached skill level 3 in Fighting
  3423 | D:4      | Reached XP level 5. HP: 22/45 MP: 3/7
  3597 | D:4      | Noticed Alannah's ghost (weakling DsGl)
  3597 | D:4      | Noticed an ogre
  3598 | D:4      | Found a transporter.
  3600 | D:4      | Got a jewelled long sword
  3610 | D:4      | Identified the +12 long sword of Gozag's Outrage {drain,
                  | rElec rF+ rC+ Str+4} (You found it on level 4 of the
                  | Dungeon)
  3650 | D:4      | Found a transporter.
  3847 | D:4      | Noticed Natasha
  3853 | D:4      | Reached skill level 1 in Long Blades
  3853 | D:4      | Reached XP level 6. HP: 35/52 MP: 8/8
  3856 | D:4      | Killed Natasha
  3856 | D:4      | Reached skill level 4 in Fighting
  4167 | D:4      | Reached XP level 7. HP: 60/60 MP: 9/9
  4168 | D:4      | Noticed Natasha
  4173 | D:4      | Killed Natasha
  4174 | D:4      | Noticed Blork the orc
  4182 | D:4      | Killed Blork the orc
  4182 | D:4      | Reached skill level 5 in Fighting
  4231 | D:4      | Noticed Natasha
  4237 | D:4      | Killed Natasha
  4572 | D:4      | HP: 2/61 [Alannah's ghost (2)]
  4575 | D:4      | Slain by Alannah's ghost

Skill      XL: |  1  2  3  4  5  6  7 |
---------------+----------------------+-----
Fighting       | 1 2 3 4 5 |  5.5
Short Blades   | 1 2 3 |  3.0
Spellcasting   | 2 |  2.4
Long Blades    | 1 2 3 |  3.4
Dodging        | |  1.7
Stealth        | |  2.1
Conjurations   | |  0.9
Poison Magic   | |  3.0

Action                   |  1- 3 |  4- 6 |  7- 9 || total
-------------------------+-------+-------+-------++-------
Melee: Dagger            |    37 |    86 |       ||   123
       Unarmed           |     4 |       |       ||     4
       Long sword        |       |    18 |    23 ||    41
Throw: Stone             |    10 |    15 |     1 ||    26
 Cast: Sting             |    16 |    12 |       ||    28
       Poisonous Vapours |     3 |     9 |       ||    12
  Use: Potion            |       |       |     1 ||     1
 Stab: Sleeping          |       |     4 |       ||     4
  Eat: Chunk             |     7 |    14 |       ||    21
       Ration            |       |     1 |     1 ||     2
Armor: Robe              |     2 |     9 |       ||    11
Dodge: Dodged            |    22 |    58 |     8 ||    88
       Rpst.: Long sword |       |     3 |     3 ||     6
